 Dungeon Crawl Stone Soup version 0.32-a0-779-g362cfcae2a (webtiles) character file.

Game seed: 14827183525811064006

14 hikkokomori the Vexing (level 2, -1/16 HPs)
             Began as a Deep Elf Hexslinger on Mar 19, 2024.
             Slain by a ball python (2 damage)
             ... on level 1 of the Dungeon.
             The game lasted 00:00:19 (155 turns).

hikkokomori the Vexing (Deep Elf Hexslinger)         Turns: 155, Time: 00:00:20

Health: -1/16      AC:  2    Str:  5    XL:     2   Next: 27%
Magic:  6/6        EV:  2    Int: 17    God:
Gold:   10         SH:  0    Dex: 17    Spells: 4/4 levels left

rFire   . . .        a - +1 sling
rCold   . . .        (no shield)
rNeg    . . .        c - +0 robe
rPois   .            (no helmet)
rElec   .            (no cloak)
rCorr   .            (no gloves)
SInv    .            (no boots)
Will    .....        (no amulet)
Stlth   ++           (no ring)
HPRegen 0.22/turn    (no ring)
MPRegen 0.10/turn

%: no passive effects
@: constricted
A: no striking features
a: no special abilities


You were on level 1 of the Dungeon.
You visited 1 branch of the dungeon, and saw 1 of its levels.

You collected 10 gold pieces.

Inventory:

Hand Weapons
 a - a +1 sling (weapon)
Armour
 c - a +0 robe (worn)
Scrolls
 b - a scroll of poison


   Skills:
 + Level 1.0 Fighting
 + Level 3.0 Ranged Weapons
 + Level 2.6 Dodging
 + Level 1.9 Spellcasting
 + Level 4.1 Hexes
 + Level 1.5 Fire Magic


You had 4 spell levels left.
You didn't know any spells.
Your spell library contained the following spells:

 Spells                   Type           Power      Damage    Failure   Level
 Jinxbite                 Hex            30%        N/A       5%          2
 Sigil of Binding         Hex            15%        N/A       11%         3
 Inner Flame              Hex/Fire       11%        N/A       19%         3
 Cause Fear               Hex            7%         N/A       34%         4
 Dimensional Bullseye     Hex/Tloc       4%         N/A       63%         4


Dungeon Overview and Level Annotations

Branches:
Dungeon (1/15)

Altars:


Message History

You are too injured to fight recklessly!
You are too injured to fight recklessly!
You are too injured to fight recklessly!
You are too injured to fight recklessly!
You are too injured to fight recklessly!
You are too injured to fight recklessly!
You are too injured to fight recklessly!
You are too injured to fight recklessly!
You are too injured to fight recklessly!
You are too injured to fight recklessly!
You are too injured to fight recklessly!
You are too injured to fight recklessly!
A ball python is nearby!
A ball python is nearby!
You shoot a sling bullet.
The sling bullet closely misses the ball python.
A jackal comes into view.
The ball python bites you. The ball python constricts you.
You shoot a sling bullet.
The sling bullet barely misses the ball python.
The jackal barks!
You hear an angry hiss.
The ball python bites you. The ball python constricts you.
The ball python bites you but does no damage.
The ball python constricts you.
You shoot a sling bullet.
The sling bullet closely misses the ball python.
The sling bullet hits the jackal!
You kill the jackal!
The ball python bites you but does no damage.
The ball python constricts you.
* * * LOW HITPOINT WARNING * * *
You shoot a sling bullet.
The sling bullet barely misses the ball python.
The jackal barks!
You hear a shout!
The ball python bites you.
* * * LOW HITPOINT WARNING * * *
The ball python constricts you.
* * * LOW HITPOINT WARNING * * *
The ball python bites you.
You die...

. #. #......# #
..#.######......# #
................######
.......#..####...##..
..###.....#†.........#
..........#.>........# .
..###.................
....#####...............
#h.†).S@...............>
..###.###...#........†..
# #####...........
###.###.#.#. ### #.#.##
#


You could see a jackal and a ball python.

Vanquished Creatures
  A ball python (D:1)
  An endoplasm (D:1)
  2 giant cockroaches (D:1)
  A goblin (D:1)
  A hobgoblin (D:1)
  A jackal (D:1)
  A quokka (D:1)
  A bat (D:1)
  A frilled lizard (D:1)
  A kobold (D:1)
  A rat (D:1)
12 creatures vanquished.

Notes
Turn   | Place    | Note
-------+----------+-------------------------------------------
     0 | D:1      | hikkokomori the Deep Elf Hexslinger began the quest for the
                  | Orb.
     0 | D:1      | Reached XP level 1. HP: 11/11 MP: 5/5
   118 | D:1      | Reached XP level 2. HP: 16/16 MP: 6/6
   152 | D:1      | Reached skill level 1 in Fighting
   155 | D:1      | Slain by a ball python

Illustrated notes

Levels and vault maps discovered:
D:1:      dpeg_arrival_prison, layout_rooms,
          dreamdust_ecumenical_altar_hidden_monk_grotto, nicolae_the_louvre

Skill      XL: |  1  2 |
---------------+-------+-----
Fighting       | 1 |  1.0
Ranged Weapons | 3 |  3.0
Dodging        | |  2.6
Spellcasting   | |  1.9
Hexes          | |  4.1
Fire Magic     | |  1.5

Action                     || total
---------------------------++-------
   Fire: Sling             ||    28
 Armour: Robe              ||    17
  Dodge: Dodged            ||     3

Table legend: (Time is in decaauts)
 A = Elapsed time spent in this place.
 B = Non-inter-level travel time spent in this place.
 C = Inter-level travel time spent in this place.
 D = Time resting spent in this place.
 E = Time spent auto-exploring this place.
 F = Levels seen in this place.
 G = Mean time per level.
                   A        B        C        D        E       F      G
               +--------+--------+--------+--------+--------+-----+--------+
         Total |    161 |    161 |      0 |      0 |    116 |   1 |  161.0 |
       Dungeon |    161 |    161 |      0 |      0 |    116 |   1 |  161.0 |
               +--------+--------+--------+--------+--------+-----+--------+

Top non-repeatable levels by time:
     D:1: 161 daAuts
